 Dungeon Crawl Stone Soup version 0.21.0-3-g78d12a8 (webtiles) character file.

492 JeffiDaFish the Covered (level 6, 0/56 HPs)
             Began as a Minotaur Fighter on Jan 16, 2018.
             Succumbed to a gnoll sergeant's poison
             ... on level 3 of the Dungeon.
             The game lasted 00:10:11 (3168 turns).

JeffiDaFish the Covered (Minotaur Fighter)          Turns: 3168, Time: 00:10:12

Health: 0/56       AC: 11    Str: 21    XL:     6   Next: 91%
Magic:  5/5        EV:  6    Int:  5    God:
Gold:   160        SH: 10    Dex: 11    Spells: 5/5 levels left

rFire    . . .     SeeInvis .   a - +0 war axe
rCold    . . .     Gourm    .   c - +0 shield
rNeg     . . .     Faith    .   h - +0 chain mail
rPois    .         Spirit   .   (helmet restricted)
rElec    .         Reflect  .   b - +0 cloak
rCorr    .         Harm     .   (no gloves)
MR       .....                  (no boots)
Stlth    ..........             (no amulet)
HPRegen  0.18/turn              (no ring)
MPRegen  0.09/turn              (no ring)

@: lethally poisoned (0 -> -42)
A: retaliatory headbutt, horns 2
a: no special abilities


You were on level 3 of the Dungeon.
You were not hungry.

You visited 1 branch of the dungeon, and saw 3 of its levels.

You collected 160 gold pieces.

Inventory:

Hand Weapons
 a - a +0 war axe (weapon)
 j - a +0 whip of holy wrath
Armour
 b - a +0 cloak (worn)
 c - a +0 shield (worn)
 h - a +0 chain mail (worn)
Scrolls
 k - 2 scrolls of teleportation
Comestibles
 d - 2 chunks of flesh
 f - 6 rations


   Skills:
 + Level 5.0 Fighting
 + Level 5.3 Axes
 + Level 6.0 Armour
 + Level 0.7 Dodging
 + Level 0.2 Stealth
 + Level 5.3 Shields


You had 5 spell levels left.
You didn't know any spells.

Dungeon Overview and Level Annotations

Branches:
Dungeon (3/15)

Altars:
Ashenzari


Innate Abilities, Weirdness & Mutations

You reflexively headbutt those who attack you in melee.
You have a pair of horns on your head.


Message History

* * * LOW HITPOINT WARNING * * *
You are more poisoned.
You hit the gnoll sergeant but do no damage.
The gnoll sergeant is severely wounded.
* * * LOW HITPOINT WARNING * * *
You feel very sick. You block the gnoll sergeant's attack.
Unknown command.
You closely miss the gnoll sergeant.
Your headbutt misses the gnoll sergeant.
The gnoll sergeant is severely wounded.
* * * LOW HITPOINT WARNING * * *
You feel very sick.
The gnoll sergeant hits you with a spear of venom.
* * * LOW HITPOINT WARNING * * *
You are more poisoned.
You aren't carrying any potions.
As you read the scroll of fear, it crumbles to dust.
You assume a fearsome visage.
The gnoll sergeant looks frightened!
You die...

#....# #.# #.#
###.##.###<####.####
.....#............)#########
###..#####.##.....)).).....# #
#...)....###...#########.# #
#))####### ##..## #.#
###..)#########...########.######
.....÷)........).................
≈≈≈≈≈≈≈≈≈≈≈≈≈≈≈g@...≈≈≈≈≈≈≈≈≈≈≈≈≈
≈≈≈≈≈≈≈≈≈≈≈≈≈≈≈).)..≈≈≈≈≈≈≈≈≈≈≈≈≈
####≈≈≈≈≈≈≈≈≈≈≈≈....≈≈≈≈≈≈≈≈≈≈≈≈#
ggg#............................#
...#############''''#############
##'# #.(..# # .#.. #....# . .#
'....' .# .# #######


You could see a gnoll sergeant (fleeing).

Vanquished Creatures
  A scorpion (D:3)
  2 orc priests (D:3)
  Jessica (D:3)
  A gnoll shaman (D:3)
  16 gnolls
  6 adders
  4 oozes
  A worm (D:2)
  2 dart slugs (D:1)
  4 leopard geckos
  4 orcs (D:3)
  A giant cockroach (D:2)
  12 goblins
  6 hobgoblins
  14 jackals (D:3)
  2 quokkas (D:3)
  A ball python (D:2)
  14 bats
  4 frilled lizards
  5 kobolds
  7 rats
  A bush (D:2)
  2 plants (D:2)
111 creatures vanquished.

Notes
Turn   | Place    | Note
-------+----------+-------------------------------------------
     0 | D:1      | JeffiDaFish the Minotaur Fighter began the quest for the Orb.
     0 | D:1      | Reached XP level 1. HP: 19/19 MP: 0/0
    40 | D:1      | Reached XP level 2. HP: 22/27 MP: 1/1
   118 | D:1      | Reached skill level 4 in Armour
   494 | D:1      | Reached XP level 3. HP: 33/33 MP: 2/2
  1025 | D:2      | Found a shattered altar of Ashenzari.
  1136 | D:2      | Reached XP level 4. HP: 38/40 MP: 3/3
  1786 | D:3      | Reached XP level 5. HP: 17/47 MP: 4/4
  1945 | D:3      | Reached skill level 5 in Armour
  2162 | D:3      | Noticed Jessica
  2168 | D:3      | Killed Jessica
  2168 | D:3      | Reached XP level 6. HP: 40/55 MP: 5/5
  2334 | D:3      | Reached skill level 5 in Shields
  2364 | D:3      | Reached skill level 5 in Fighting
  2422 | D:3      | Reached skill level 5 in Axes
  3060 | D:3      | Reached skill level 6 in Armour
  3168 | D:3      | Succumbed to a gnoll sergeant's poison

Skill      XL: |  1  2  3  4  5  6 |
---------------+-------------------+-----
Armour         | 4 5 6 |  6.0
Shields        | 4 5 |  5.3
Axes           | 3 4 5 |  5.3
Fighting       | 4 5 |  5.0
Dodging        | |  0.7
Stealth        | |  0.2

Action                   |  1- 3 |  4- 6 || total
-------------------------+-------+-------++-------
Melee: War axe           |    90 |   257 ||   347
       Headbutt          |    16 |    48 ||    64
  Use: Potion            |     3 |     5 ||     8
       Scroll            |     1 |     6 ||     7
 Stab: Invisible         |       |     1 ||     1
  Eat: Chunk             |       |     8 ||     8
Armor: Scale mail        |     7 |       ||     7
       Chain mail        |    33 |   125 ||   158
Dodge: Dodged            |    23 |    51 ||    74
Block: Shield            |    55 |   131 ||   186
